 Dungeon Crawl Stone Soup version 0.29.0-4-gdea44cf6ec (webtiles) character file.

Game seed: 3786101427272993208

11312 qw the Cleaver (level 11, -5/73 HPs)
             Began as a Gargoyle Berserker on Sept 6, 2022.
             Was a Priest of Trog.
             Slain by a death yak (14 damage)
             ... on level 2 of the Lair of Beasts.
             The game lasted 00:03:14 (10749 turns).

qw the Cleaver (Gargoyle Berserker)                Turns: 10749, Time: 00:03:15

Health: -5/73      AC: 26    Str: 29    XL:     11   Next: 75%
Magic:  0/3        EV:  9    Int:  8    God:    Trog [***...]
Gold:   627        SH:  0    Dex: 15    Spells: 10/10 levels left

rFire   . . .      SeeInvis .   l - +7 broad axe "Coul" {antimagic, rC+}
rCold   + . .      Faith    .   (no shield)
rNeg    + . .      Spirit   +   e - +0 plate armour
rPois   inf        Reflect  .   g - +1 helmet
rElec   +          Harm     .   (no cloak)
rCorr   .          Rampage  .   (no gloves)
Will    .....                   (no boots)
Stlth   ..........              q - amulet of guardian spirit
HPRegen 0.22/turn               b - +6 ring of strength
MPRegen 0.08/turn               i - +6 ring of dexterity

@: about to teleport, on berserk cooldown, slowed, very slow
A: sickness immunity, AC +8, negative energy resistance 1, electricity
resistance, torment resistance 1, petrification resistance, iridescent scales 1,
weak 1
a: Renounce Religion, Berserk, Trog's Hand


You were on level 2 of the Lair of Beasts.
You worshipped Trog.
Trog was most pleased with you.
You visited 2 branches of the dungeon, and saw 11 of its levels.

You collected 627 gold pieces.


Innate Abilities, Weirdness & Mutations

You are immune to sickness and miasma.
Your stone body is resilient. (AC +8)
You are immune to poison.
You resist negative energy. (rN+)
You are resistant to electric shocks. (rElec)
You are resistant to unholy torment.
You are immune to petrification.
You are partially covered in iridescent scales. (AC +2)
You are weak. (Str -2)


   Skills:
 - Level 10.4 Fighting
 + Level 12.9 Axes
 - Level 1.3 Throwing
 - Level 8.2 Armour
 - Level 3.0 Dodging


You had 10 spell levels left.
You didn't know any spells.
Your spell library was empty.

Inventory:

Hand Weapons
 l - the +7 broad axe "Coul" (weapon) {antimagic, rC+}
   (You acquired it on level 6 of the Dungeon)

   It reduces the magical energy of the wielder, and disrupts the spells and
   magical abilities of those it strikes.
   Natural abilities and divine invocations are not affected.
   rC:        It protects you from cold.
 o - the +10 whip "Ysmacrew" {vorpal, rPois Str+4 Int+3}
   (You found it on level 5 of the Dungeon)

   It inflicts extra damage upon your enemies.
   Str:       It affects your strength (+4).
   Int:       It affects your intelligence (+3).
   rPois:     It protects you from poison.
Missiles
 h - 8 boomerangs (quivered)
Armour
 e - a +0 plate armour (worn)
 g - a +1 helmet (worn)
Jewellery
 b - a +6 ring of strength (left hand)
 i - a +6 ring of dexterity (right hand)
 q - an amulet of guardian spirit (around neck)
Scrolls
 c - 4 scrolls of teleportation
 m - 4 scrolls of identify
Potions
 a - a potion of mutation
 d - a potion of might
 f - 2 potions of curing
 k - a potion of haste
 n - a potion of resistance

Dungeon Overview and Level Annotations

Branches:
Dungeon (9/15)             Temple (0/1) D:5            Lair (2/5) D:8
  Swamp: Lair:2-3    Shoals: Lair:2-3     Snake: Lair:2-3    Spider: Lair:2-3
    Orc: D:9-12

Altars:
Ashenzari
Cheibriados
Fedhas
Hepliaklqana
Kikubaaqudgha
Makhleb
Nemelex Xobeh
Ru
Trog
Uskayaw
Wu Jian

Annotations:
D:3 2 runed translucent doors


Message History

The wind drake barely misses you.
You miss the wind drake.
The wind drake is moderately wounded.
The wind drake bites you but does no damage.
The manticore closely misses you.
The manticore claws you but does no damage.
The manticore claws you.
You hit the manticore.
The manticore is lightly wounded.
You hit the death yak. The manticore bites you.
The manticore claws you but does no damage. x2
The wind drake bites you but does no damage.
You barely miss the wind drake.
The wind drake is moderately wounded.
You hit the manticore. You slash the death yak!
The death yak gores you but does no damage.
The manticore bites you.
The manticore claws you but does no damage. x2
The death yak barely misses you.
The manticore bites you but does no damage.
The manticore claws you but does no damage. x2
You hit the death yak.
The death yak is moderately wounded.
You slash the death yak! You slash the manticore! The death yak gores you!
The manticore bites you but does no damage.
The manticore claws you but does no damage.
The manticore misses you. The death yak gores you!
10749 ||| READING 5 scrolls of teleportation.
As you read the scroll of teleportation, it crumbles to dust.
You feel strangely unstable. The death yak closely misses you.
The manticore completely misses you. The manticore closely misses you.
The manticore claws you but does no damage.
The death yak barely misses you. The death yak completely misses you.
The manticore closely misses you. The manticore barely misses you.
The manticore claws you but does no damage.
The death yak gores you!
You die...

P.... #####....
###P....Y#
#.......#######
##.#..%##.#.#.##
#............#.#
.........k....###
.#......HYY...#
#........@..<.#
##............#
#............#
#.........:..#
#########.##P#
######


You could see 2 death yaks, a wind drake (repels missiles) and a manticore.

Vanquished Creatures
  Gastronok (D:8)
  A hydra (Lair:1)
  A two-headed ogre (D:8)
  2 death yaks (Lair:2)
  An elephant (D:8)
  A black mamba (Lair:1)
  6 cane toads
  2 komodo dragons (Lair:1)
  A rime drake (Lair:1)
  Grinder (D:3)
  3 hornets
  A wraith (D:9)
  A wyvern (D:8)
  A basilisk (D:8)
  Eustachio (D:6)
  Duvessa (D:7)
  4 water moccasins
  A black bear (D:8)
  2 orc warriors
  2 ice beasts (D:8)
  3 sky beasts
  2 ogres
  3 wolves (Lair:1)
  A phantom (D:6)
  3 bullfrogs
  A necrophage (D:6)
  3 scorpions
  Dowan (D:7)
  3 killer bees (D:9)
  A howler monkey (D:8)
  An electric eel (Lair:1)
  3 iron imps (D:3)
  A hound (D:6)
  9 orc priests
  An iguana (D:5)
  Ijyb (D:3)
  6 orc wizards
  A mummy (D:5)
  Robin (D:2)
  7 gnolls
  6 adders
  3 white imps
  2 ufetubi
  A worm (D:2)
  4 dart slugs
  21 orcs
  5 bats
  A bat skeleton (D:8)
  3 bat zombies (D:8)
  3 endoplasms
  A giant cockroach (D:4)
  10 goblins
  6 hobgoblins
  2 jackals (D:5)
  5 kobolds
  3 quokkas
  7 ball pythons
  5 frilled lizards
  A hobgoblin zombie (D:5)
  3 kobold zombies (D:5)
  4 rats
182 creatures vanquished.

Vanquished Creatures (others)
  An unseen horror (D:8)
  5 fungi
  3 plants
9 creatures vanquished.

Grand Total: 191 creatures vanquished

Notes
Turn   | Place    | Note
-------+----------+-------------------------------------------
     0 | D:1      | qw the Gargoyle Berserker began the quest for the Orb.
     0 | D:1      | Reached XP level 1. HP: 14/14 MP: 1/1
     0 | D:1      | 0 ||| qw: Version: 0.1-a-107-g55f7f8b
     0 | D:1      | 0 ||| qw: Game counter: 6031
     0 | D:1      | 0 ||| qw: Always use a shield: true
     0 | D:1      | 0 ||| qw: Do Orc after D:15 true
     0 | D:1      | 0 ||| qw: Do second Lair branch before Depths: true
     0 | D:1      | 0 ||| qw: Lair rune preference: random
     0 | D:1      | 0 ||| qw: Plans: Normal
     0 | D:1      | 0 ||| PLANNING D:1-11
   217 | D:1      | Found a faded altar of an unknown god.
   239 | D:1      | Reached skill level 3 in Axes
   341 | D:1      | 341 ||| Stepping ~*~*~tactically~*~*~ (stealth).
   353 | D:1      | Reached XP level 2. HP: 11/19 MP: 2/2
   755 | D:1      | 755 ||| UPGRADING to +0 ring mail.
   765 | D:1      | 765 ||| DROPPING +0 animal skin.
   766 | D:1      | 766 ||| UPGRADING to +0 plate armour.
   776 | D:1      | 776 ||| DROPPING +0 ring mail.
   777 | D:1      | 777 ||| READING scroll labelled RELUST VOSKA.
   795 | D:2      | 795 ||| Stepping ~*~*~tactically~*~*~ (hiding).
   797 | D:2      | 797 ||| Stepping ~*~*~tactically~*~*~ (hiding).
   820 | D:2      | 820 ||| Stepping ~*~*~tactically~*~*~ (stealth).
   895 | D:2      | Reached XP level 3. HP: 23/23 MP: 3/3
   895 | D:2      | Noticed Robin
   896 | D:2      | 896 ||| Stepping ~*~*~tactically~*~*~ (stealth).
   899 | D:2      | 899 ||| Stepping ~*~*~tactically~*~*~ (hiding).
   902 | D:2      | 902 ||| INVOKING Berserk.
   903 | D:2      | 903 ||| INVOKING Berserk.
   907 | D:2      | Killed Robin
   908 | D:2      | Reached skill level 4 in Axes
  1092 | D:2      | Reached ** piety under Trog
  1257 | D:2      | 1257 ||| INVOKING Berserk.
  1454 | D:2      | 1454 ||| UPGRADING to +0 helmet.
  1459 | D:2      | 1459 ||| UPGRADING to +6 ring of strength.
  1460 | D:2      | 1460 ||| READING 2 scrolls labelled HUAPSIMUEDD.
  1465 | D:2      | 1465 ||| READING scroll labelled XIETEU TYSAURU.
  1466 | D:2      | 1466 ||| DRINKING 2 amethyst potions.
  1467 | D:2      | 1467 ||| DROPPING potion of attraction.
  1574 | D:3      | Reached XP level 4. HP: 28/28 MP: 4/4
  1593 | D:3      | 1593 ||| Stepping ~*~*~tactically~*~*~ (stealth).
  1630 | D:3      | Noticed Grinder
  1635 | D:3      | 1635 ||| INVOKING Berserk.
  1645 | D:3      | Killed Grinder
  1646 | D:3      | Reached skill level 6 in Axes
  1646 | D:3      | Reached XP level 5. HP: 32/32 MP: 5/5
  1646 | D:3      | Reached XP level 6. HP: 37/37 MP: 6/6
  1803 | D:3      | 1803 ||| DROPPING +0 mace.
  1875 | D:3      | Found a burning altar of Makhleb.
  1879 | D:3      | 1879 ||| DROPPING +1 whip of electrocution.
  1891 | D:3      | Noticed Ijyb
  1892 | D:3      | 1892 ||| INVOKING Berserk.
  1900 | D:3      | Killed Ijyb
  2011 | D:3      | 2011 ||| Stepping ~*~*~tactically~*~*~ (hiding).
  2121 | D:3      | Found a large runed translucent door.
  2122 | D:3      | Found a large runed translucent door.
  2227 | D:3      | Reached skill level 3 in Armour
  2236 | D:3      | 2236 ||| INVOKING Berserk.
  2557 | D:3      | 2557 ||| DRINKING 2 lumpy clear potions.
  2662 | D:3      | 2662 ||| DROPPING potion of berserk rage.
  2724 | D:4      | 2724 ||| Stepping ~*~*~tactically~*~*~ (stealth).
  2729 | D:4      | 2729 ||| INVOKING Berserk.
  2730 | D:4      | 2730 ||| INVOKING Berserk.
  2733 | D:4      | Reached XP level 7. HP: 43/43 MP: 7/7
  3172 | D:4      | 3172 ||| INVOKING Berserk.
  3270 | D:4      | Reached skill level 7 in Axes
  3682 | D:4      | 3682 ||| DRINKING 2 red potions.
  3718 | D:5      | Entered Level 5 of the Dungeon
  3753 | D:5      | Identified the +10 whip "Ysmacrew" {vorpal, rPois Str+4
                  | Int+3}
  3755 | D:5      | 3755 ||| DROPPING +0 flail.
  3770 | D:5      | Found a staircase to the Ecumenical Temple.
  4197 | D:5      | 4197 ||| INVOKING Berserk.
  4201 | D:5      | Reached XP level 8. HP: 49/49 MP: 8/8
  4325 | D:5      | 4325 ||| INVOKING Berserk.
  4331 | D:5      | Found a snail-covered altar of Cheibriados.
  4333 | D:5      | Reached skill level 1 in Throwing
  4467 | D:5      | Found a sacrificial altar of Ru.
  4645 | D:5      | 4645 ||| Stepping ~*~*~tactically~*~*~ (hiding).
  4646 | D:5      | 4646 ||| Stepping ~*~*~tactically~*~*~ (hiding).
  4653 | D:5      | Reached *** piety under Trog
  4765 | D:5      | Found a blossoming altar of Fedhas.
  5181 | D:5      | 5181 ||| READING scroll labelled CYHARI LOUHAPS.
  5182 | D:5      | 5182 ||| READING scroll labelled INOSTIPEEDGHUPN.
  5183 | D:5      | 5183 ||| READING scroll labelled CUSOILAORU.
  5184 | D:5      | 5184 ||| READING scroll labelled PEUNEW DIOL.
  5185 | D:5      | 5185 ||| DRINKING 2 green potions.
  5186 | D:5      | 5186 ||| DRINKING 2 bubbling white potions.
  5187 | D:5      | 5187 ||| DRINKING 2 blue potions.
  5288 | D:5      | 5288 ||| DROPPING potion of brilliance.
  5289 | D:5      | 5289 ||| DROPPING potion of degeneration.
  5290 | D:5      | 5290 ||| DROPPING potion of ambrosia.
  5372 | D:6      | 5372 ||| INVOKING Berserk.
  5545 | D:6      | 5545 ||| Stepping ~*~*~tactically~*~*~ (stealth).
  5546 | D:6      | 5546 ||| Stepping ~*~*~tactically~*~*~ (stealth).
  5918 | D:6      | Reached skill level 8 in Axes
  6191 | D:6      | Noticed Eustachio
  6194 | D:6      | 6194 ||| INVOKING Berserk.
  6199 | D:6      | Killed Eustachio
  6200 | D:6      | Reached skill level 6 in Fighting
  6497 | D:6      | Found a bloodstained altar of Trog.
  6498 | D:6      | 6498 ||| SWAPPING to +0 war axe.
  6499 | D:6      | 6499 ||| DROPPING +0 hand axe.
  6500 | D:6      | Found a sparkling altar of Nemelex Xobeh.
  6501 | D:6      | Found an ornate altar of the Wu Jian Council.
  6501 | D:6      | Found a broken altar of Ashenzari.
  6633 | D:6      | 6633 ||| READING scroll labelled POSEDER UDEI.
  6634 | D:6      | 6634 ||| READING scroll labelled ETEMA KAGUO.
  6635 | D:6      | 6635 ||| READING scroll labelled TOACITH VEEKH.
  6635 | D:6      | Identified a scroll of acquirement
  6635 | D:6      | 6635 ||| ACQUIRING +7 broad axe "Coul" {antimagic, rC+}
  6635 | D:6      | Acquired the +7 broad axe "Coul" {antimagic, rC+}
  6637 | D:6      | 6637 ||| SWAPPING to +7 broad axe "Coul" {antimagic, rC+}.
  6638 | D:6      | 6638 ||| DROPPING +0 war axe.
  6685 | D:7      | 6685 ||| INVOKING Berserk.
  6702 | D:7      | Reached XP level 9. HP: 56/56 MP: 3/9
  6845 | D:7      | 6845 ||| READING scroll of enchant armour.
  6845 | D:7      | 6845 ||| ENCHANTING +0 helmet.
  6850 | D:7      | Noticed Duvessa
  6850 | D:7      | Noticed Dowan
  6854 | D:7      | 6854 ||| INVOKING Berserk.
  6860 | D:7      | Killed Duvessa
  6862 | D:7      | Killed Dowan
  6866 | D:7      | 6866 ||| FLEEEEING.
  6878 | D:7      | Reached skill level 9 in Axes
  6959 | D:7      | 6959 ||| INVOKING Berserk.
  7094 | D:7      | You fall into a shaft and drop 2 floors!
  7117 | D:9      | 7117 ||| Stepping ~*~*~tactically~*~*~ (hiding).
  7122 | D:9      | 7122 ||| INVOKING Berserk.
  7229 | D:9      | 7229 ||| Stepping ~*~*~tactically~*~*~ (hiding).
  7233 | D:9      | 7233 ||| Stepping ~*~*~tactically~*~*~ (hiding).
  7255 | D:9      | Found a hide-covered altar of Uskayaw.
  7272 | D:9      | 7272 ||| READING scroll labelled BAUSTO IXZYSI.
  7276 | D:9      | 7276 ||| Stepping ~*~*~tactically~*~*~ (stealth).
  7294 | D:9      | 7294 ||| Stepping ~*~*~tactically~*~*~ (stealth).
  7323 | D:9      | 7323 ||| DRINKING 2 fuming coppery potions.
  7331 | D:9      | Noticed a hornet
  7338 | D:9      | Killed a hornet
  7339 | D:9      | Reached skill level 10 in Axes
  7774 | D:7      | 7774 ||| READING 2 scrolls of identify.
  7774 | D:7      | 7774 ||| IDENTIFYING metallic white potion
  7775 | D:7      | 7775 ||| DROPPING potion of invisibility.
  7857 | D:8      | Noticed an elephant
  7858 | D:8      | Noticed Gastronok
  7859 | D:8      | 7859 ||| Stepping ~*~*~tactically~*~*~ (stealth).
  7861 | D:8      | 7861 ||| FLEEEEING.
  7862 | D:8      | 7862 ||| FLEEEEING.
  7863 | D:8      | 7863 ||| FLEEEEING.
  7865 | D:8      | 7865 ||| FLEEEEING.
  7866 | D:8      | 7866 ||| STAIRDANCE
  7954 | D:8      | 7954 ||| STAIRDANCE
  7956 | D:8      | 7956 ||| INVOKING Berserk.
  7961 | D:8      | Reached skill level 6 in Armour
  7961 | D:8      | Killed an elephant
  7962 | D:8      | Reached XP level 10. HP: 64/64 MP: 3/10
  7971 | D:8      | Killed Gastronok
  7972 | D:8      | Reached skill level 11 in Axes
  8016 | D:8      | Noticed a two-headed ogre
  8017 | D:8      | 8017 ||| Stepping ~*~*~tactically~*~*~ (stealth).
  8018 | D:8      | 8018 ||| Stepping ~*~*~tactically~*~*~ (stealth).
  8026 | D:8      | 8026 ||| Stepping ~*~*~tactically~*~*~ (stealth).
  8030 | D:8      | 8030 ||| Stepping ~*~*~tactically~*~*~ (stealth).
  8034 | D:8      | 8034 ||| INVOKING Berserk.
  8041 | D:8      | Killed a two-headed ogre
  8063 | D:8      | 8063 ||| Stepping ~*~*~tactically~*~*~ (stealth).
  8077 | D:8      | 8077 ||| Stepping ~*~*~tactically~*~*~ (stealth).
  8084 | D:8      | 8084 ||| Stepping ~*~*~tactically~*~*~ (stealth).
  8111 | D:8      | Found a staircase to the Lair.
  8143 | D:8      | 8143 ||| Stepping ~*~*~tactically~*~*~ (hiding).
  8202 | D:8      | 8202 ||| INVOKING Berserk.
  8206 | D:8      | Killed an unseen horror
  8221 | D:8      | Reached **** piety under Trog
  8222 | D:8      | Reached skill level 9 in Fighting
  8448 | D:8      | Found a hazy altar of Hepliaklqana.
  8500 | D:8      | Found an ancient bone altar of Kikubaaqudgha.
  9058 | D:8      | 9058 ||| PLANNING LAIR
  9058 | D:8      | 9058 ||| UPGRADING to amulet of guardian spirit.
  9063 | D:8      | 9063 ||| READING scroll labelled TON FUEGUA.
  9064 | D:8      | 9064 ||| DRINKING 2 fuming ruby potions.
  9064 | D:8      | Gained mutation: You are weak. (Str -2) [potion of
                  | mutation]
  9064 | D:8      | Gained mutation: You are partially covered in iridescent
                  | scales. (AC +2) [potion of mutation]
  9065 | D:8      | 9065 ||| READING 3 scrolls of identify.
  9065 | D:8      | 9065 ||| IDENTIFYING bubbling coppery potion
  9066 | D:8      | 9066 ||| READING 2 scrolls of identify.
  9066 | D:8      | 9066 ||| IDENTIFYING metallic amethyst potion
  9067 | D:8      | 9067 ||| DROPPING potion of lignification.
  9109 | Lair:1   | Entered Level 1 of the Lair of Beasts
  9119 | Lair:1   | Noticed a cane toad
  9123 | Lair:1   | 9123 ||| INVOKING Berserk.
  9127 | Lair:1   | Killed a cane toad
  9131 | Lair:1   | Reached XP level 11. HP: 71/71 MP: 2/11
  9187 | Lair:1   | 9187 ||| INVOKING Berserk.
  9320 | Lair:1   | Reached skill level 12 in Axes
  9364 | Lair:1   | 9364 ||| INVOKING Berserk.
  9366 | Lair:1   | Noticed a five-headed hydra
  9373 | Lair:1   | 9373 ||| SWAPPING to +10 whip "Ysmacrew" {vorpal, rPois
                  | Str+4 Int+3}.
  9375 | Lair:1   | HP: 16/71 [seven-headed hydra (2)]
  9376 | Lair:1   | 9376 ||| READING 6 scrolls of teleportation.
  9377 | Lair:1   | 9377 ||| DRINKING potion of heal wounds.
  9379 | Lair:1   | 9379 ||| SWAPPING to +7 broad axe "Coul" {antimagic, rC+}.
  9639 | Lair:1   | 9639 ||| Stepping ~*~*~tactically~*~*~ (stealth).
  9646 | Lair:1   | 9646 ||| INVOKING Berserk.
  9745 | Lair:1   | 9745 ||| Stepping ~*~*~tactically~*~*~ (stealth).
  9749 | Lair:1   | 9749 ||| SWAPPING to +10 whip "Ysmacrew" {vorpal, rPois
                  | Str+4 Int+3}.
  9750 | Lair:1   | 9750 ||| INVOKING Berserk.
  9754 | Lair:1   | Killed a seven-headed hydra
  9759 | Lair:1   | 9759 ||| SWAPPING to +7 broad axe "Coul" {antimagic, rC+}.
  9893 | Lair:1   | 9893 ||| INVOKING Berserk.
 10040 | Lair:1   | 10040 ||| INVOKING Berserk.
 10163 | Lair:1   | 10163 ||| INVOKING Berserk.
 10682 | Lair:1   | 10682 ||| UPGRADING to +6 ring of dexterity.
 10683 | Lair:1   | 10683 ||| DROPPING +6 ring of intelligence.
 10684 | Lair:1   | 10684 ||| READING 7 scrolls of identify.
 10684 | Lair:1   | 10684 ||| IDENTIFYING pink potion
 10685 | Lair:1   | 10685 ||| READING 6 scrolls of identify.
 10685 | Lair:1   | 10685 ||| IDENTIFYING fizzy sapphire potion
 10686 | Lair:1   | 10686 ||| READING 5 scrolls of identify.
 10686 | Lair:1   | 10686 ||| IDENTIFYING silvery potion
 10687 | Lair:1   | 10687 ||| DROPPING potion of flight.
 10722 | Lair:2   | Noticed a death yak
 10723 | Lair:2   | Noticed a death yak
 10725 | Lair:2   | 10725 ||| Stepping ~*~*~tactically~*~*~ (stealth).
 10726 | Lair:2   | Noticed a death yak
 10726 | Lair:2   | Noticed a death yak
 10727 | Lair:2   | 10727 ||| Stepping ~*~*~tactically~*~*~ (stealth).
 10728 | Lair:2   | Noticed a death yak
 10729 | Lair:2   | 10729 ||| Stepping ~*~*~tactically~*~*~ (hiding).
 10730 | Lair:2   | 10730 ||| INVOKING Berserk.
 10737 | Lair:2   | Killed a death yak
 10738 | Lair:2   | Reached skill level 3 in Dodging
 10740 | Lair:2   | Noticed a manticore
 10744 | Lair:2   | Killed a death yak
 10748 | Lair:2   | HP: 16/73 [death yak (9)]
 10749 | Lair:2   | 10749 ||| READING 5 scrolls of teleportation.
 10749 | Lair:2   | Slain by a death yak

Levels and vault maps discovered:
D:1:      dpeg_arrival_arbitrary_b, layout_basic, basic_ecumenical_altar
D:2:      layout_rooms, corexii_leaking_fountain, kennysheep_generic_room_15,
          uniq_robin
D:3:      layout_basic, jmf_multi_god_temple2, demons_altar, uniq_ijyb,
          uniq_grinder
D:4:      layout_cave_pods
D:5:      layout_loops_corners, lemuel_round_altar, mainiacjoe_overflow_paths,
          nicolae_ru_great_annihilating_truth, temple_doors_cd,
          minmay_mini_ossuary
D:6:      layout_layer_cave, mainiacjoe_overflow_alcove_3,
          kennysheep_generic_room_12, uniq_eustachio
D:7:      layout_rooms, lemuel_flame_loot_1, uniq_duvessa
D:8:      layout_layer_cave, kennysheep_vampire_church,
          worldfamousw_hep_ancestral_shrine, david_lair_generic, uniq_gastronok
D:9:      layout_cave_pods, nicolae_uskayaw_murder_on_the_dancefloor,
          serial_shops, nicolae_shop_behind_doors,
          nicolae_shop_bloodbath_and_beyond, nicolae_shop_waterfront,
          uniq_maurice
Lair:1:   layout_gridlike, st_stairs_5, infiniplex_staircase_pool
Lair:2:   layout_roguey, minmay_shoals_entry_beasts,
          nicolae_spider_entry_non_spiders, beast_lair_carwin_7,
          lemuel_fruit_tree, infiniplex_staircase_pool_2

Skill      XL: |  1  2  3  4  5  6  7  8  9 10 11 |
---------------+----------------------------------+-----
Axes           | 3 4 6 7 8 10 11 12 | 12.9
Armour         | 3 4 5 6 7 8 |  8.2
Fighting       | 4 5 6 8 9 10 | 10.4
Throwing       | 1 |  1.3
Dodging        | 2 3 |  3.0

Action                   |  1- 3 |  4- 6 |  7- 9 | 10-12 || total
-------------------------+-------+-------+-------+-------++-------
Melee: Hand axe          |   108 |    63 |   216 |       ||   387
       Punch             |     1 |     2 |     3 |     5 ||    11
       Broad axe         |       |       |    91 |   135 ||   226
       War axe           |       |       |    12 |       ||    12
       Whip              |       |       |       |     7 ||     7
Throw: Boomerang         |       |       |    46 |    27 ||    73
Invok: Berserk           |     2 |     4 |    10 |    11 ||    27
  Use: Scroll            |     3 |       |    10 |     8 ||    21
       Potion            |     1 |     1 |     5 |     2 ||     9
 Stab: Paralysed         |       |       |     1 |       ||     1
Armor: Animal skin       |     8 |       |       |       ||     8
       Plate armour      |    59 |    35 |   177 |   113 ||   384
Dodge: Dodged            |    41 |    16 |   113 |    53 ||   223

Table legend:
 A = Non-vault XP
 B = Vault XP
 C = Vault XP percentage of total XP
 D = Non-vault monster count
 E = Vault monster count
 F = Vault count percentage of total count
                 A         B        C        D         E       F
            +---------+---------+-------+---------+---------+-------
      Total |   12010 |    4150 |  25.7 |     147 |      36 |  19.7
            +---------+---------+-------+---------+---------+-------
        D:1 |      20 |       0 |   0.0 |      13 |       0 |   0.0
        D:2 |      18 |      33 |  64.7 |      11 |       8 |  42.1
        D:3 |      84 |     452 |  84.3 |      13 |       5 |  27.8
        D:4 |     364 |       0 |   0.0 |      18 |       0 |   0.0
        D:5 |     332 |      40 |  10.8 |      13 |       9 |  40.9
        D:6 |     664 |     197 |  22.9 |      13 |       1 |   7.1
        D:7 |     804 |     222 |  21.6 |      18 |       2 |  10.0
        D:8 |    2167 |    2490 |  53.5 |      18 |       9 |  33.3
        D:9 |     794 |       0 |   0.0 |      11 |       0 |   0.0
     Lair:1 |    4708 |     716 |  13.2 |      16 |       2 |  11.1
     Lair:2 |    2055 |       0 |   0.0 |       3 |       0 |   0.0
            +---------+---------+-------+---------+---------+-------
